 Dungeon Crawl Stone Soup version 0.21.1-1-g345015fe64 (webtiles) character file.

1107 Mrkan the Grappler (level 8, -6/75 HPs)
             Began as a Troll Monk on May 4, 2018.
             Was a Believer of Yredelemnul.
             Mangled by a slave (8 damage)
             ... led by Pikel
             ... on level 5 of the Dungeon.
             The game lasted 00:23:15 (5467 turns).

Mrkan the Grappler (Troll Monk)                     Turns: 5467, Time: 00:23:15

Health: -6/75      AC:  5    Str: 21    XL:     8   Next: 11%
Magic:  7/7        EV: 12    Int:  6    God:    Yredelemnul [**....]
Gold:   267        SH:  0    Dex: 13    Spells: 7/7 levels left

rFire    . . .     SeeInvis .     - Unarmed
rCold    . . .     Gourm    +   (no shield)
rNeg     . . .     Faith    .   a - +0 robe
rPois    .         Spirit   .   (helmet restricted)
rElec    .         Reflect  .   (no cloak)
rCorr    .         Harm     .   (gloves unavailable)
MR       .....                  (boots unavailable)
Stlth    ++........             (no amulet)
HPRegen  0.62/turn              (no ring)
MPRegen  0.10/turn              (no ring)

@: no status effects
A: large, unfitting armour, claws 3, fast metabolism 3, gourmand, regeneration
1, shaggy fur 1, tough skin 2
a: Animate Remains, Recall Undead Slaves, Injury Mirror, Renounce Religion


You were on level 5 of the Dungeon.
You worshipped Yredelemnul.
Yredelemnul was pleased with you.
You were full.

You visited 2 branches of the dungeon, and saw 6 of its levels.

You collected 267 gold pieces.

Inventory:

Hand Weapons
 u - a +0 scythe
 z - a +4 halberd of venom
Armour
 a - a +0 robe (worn)
 c - a +0 pair of gloves
 f - a +0 ring mail
 h - a +0 ring mail
 k - a +0 pair of boots
 s - a cursed +0 animal skin
 v - a +0 robe
Jewellery
 q - an uncursed ring of protection from magic {unknown}
Wands
 j - a wand of paralysis (7)
Scrolls
 d - 5 scrolls of teleportation {unknown}
 e - 6 scrolls of identify {unknown}
 i - 2 scrolls of remove curse {unknown}
 p - 2 scrolls of noise {unknown}
 r - a scroll of random uselessness {unknown}
 w - a scroll of fog {unknown}
 x - a scroll of immolation {unknown}
 y - a scroll of magic mapping {unknown}
Potions
 g - 4 potions of curing
 l - a potion of might {unknown}
 m - a potion of agility {unknown}
 n - a potion of berserk rage {unknown}
 o - 2 potions of heal wounds {unknown}
Comestibles
 b - 6 rations


   Skills:
 + Level 3.5 Fighting
 + Level 4.6 Dodging
 - Level 1.0 Stealth
 + Level 8.2 Unarmed Combat


You had 7 spell levels left.
You didn't know any spells.

Dungeon Overview and Level Annotations

Branches:
Dungeon (5/15)             Temple (1/1) D:4

Altars:
Ashenzari
Cheibriados
Dithmenos
Elyvilon
Fedhas
Hepliaklqana
Kikubaaqudgha
Makhleb
Okawaru
Ru
Sif Muna
Trog
Uskayaw
Vehumet
Wu Jian
Xom
Yredelemnul

Annotations:
D:4 Pikel


Innate Abilities, Weirdness & Mutations

You are too large for most types of armour.
You have claws for hands.
Your metabolism is lightning-fast.
You like to eat raw meat.
Your natural rate of healing is unusually fast.
You are covered in fur. (AC +1)
You have very tough skin. (AC +2)


Message History

You completely miss the slave.
The slave is lightly wounded.
The slave hits you.
* * * LOW HITPOINT WARNING * * *
You closely miss the slave.
The slave is lightly wounded.
The slave hits you.
* * * LOW HITPOINT WARNING * * *
You barely miss the slave.
The slave is lightly wounded.
The slave hits you but does no damage. The slave barely misses you.
You claw the slave!
The slave is heavily wounded.
The slave barely misses you. The slave hits you!
* * * LOW HITPOINT WARNING * * *
You barely miss the slave. The slave hits you.
* * * LOW HITPOINT WARNING * * *
The slave hits you!
You die...
Your body rises from the dead as a mindless zombie.

..............#
......[.......#
....#######...##
...## ##...# ###
... ##..## ###.#
... #...###...#
##. ##........#
##pp....##
##@...## ##...##
##...## #....#
#..### ##..# .
#p..# ..#
###..##
....######....#


You could see 2 slaves.

Vanquished Creatures
  Sigmund (D:3)
  Edmund (D:4)
  A water moccasin (D:4)
  2 slaves (D:5)
  A gnoll sergeant (D:5)
  A bullfrog (D:4)
  2 orc priests (D:4)
  A bullfrog skeleton (D:5)
  Natasha (thrice) (D:3)
  Terence (D:3)
  4 orc wizards
  2 worker ants
  Robin (D:3)
  6 gnolls
  A river rat (D:5)
  5 adders
  4 oozes
  3 adder zombies
  An adder skeleton (D:4)
  2 worms
  3 dart slugs
  2 leopard geckos
  10 orcs
  8 bats
  3 giant cockroaches
  14 goblins
  10 hobgoblins
  7 jackals (D:3)
  8 kobolds
  A quokka (D:4)
  A ball python (D:4)
  5 frilled lizards
  4 rats
119 creatures vanquished.

Vanquished Creatures (collateral kills)
  An orc (D:5)
1 creature vanquished.

Vanquished Creatures (others)
  An orc zombie (D:5)
1 creature vanquished.

Grand Total: 121 creatures vanquished

Notes
Turn   | Place    | Note
-------+----------+-------------------------------------------
     0 | D:1      | Mrkan the Troll Monk began the quest for the Orb.
     0 | D:1      | Reached XP level 1. HP: 22/22 MP: 0/0
    36 | D:1      | Reached XP level 2. HP: 28/29 MP: 1/1
   443 | D:1      | Reached XP level 3. HP: 35/36 MP: 2/2
  1281 | D:2      | Reached XP level 4. HP: 44/45 MP: 3/3
  1282 | D:2      | Reached skill level 4 in Unarmed Combat
  1367 | D:2      | Found a shadowy altar of Dithmenos.
  2156 | D:3      | Noticed Robin
  2162 | D:3      | Killed Robin
  2162 | D:3      | Reached XP level 5. HP: 47/53 MP: 4/4
  2283 | D:3      | Noticed Terence
  2297 | D:3      | Killed Terence
  2297 | D:3      | Reached skill level 5 in Unarmed Combat
  2591 | D:3      | Noticed Sigmund
  2606 | D:3      | Killed Sigmund
  2606 | D:3      | Reached XP level 6. HP: 40/61 MP: 5/5
  2648 | D:3      | Noticed Natasha
  2656 | D:3      | Killed Natasha
  2656 | D:3      | Reached skill level 6 in Unarmed Combat
  2757 | D:3      | Noticed Natasha
  2765 | D:3      | Killed Natasha
  2925 | D:3      | Noticed Natasha
  2936 | D:3      | Killed Natasha
  3393 | D:4      | Noticed Edmund
  3410 | D:4      | Killed Edmund
  3410 | D:4      | Reached XP level 7. HP: 36/67 MP: 6/6
  3518 | D:4      | Reached skill level 7 in Unarmed Combat
  3671 | D:4      | Found a staircase to the Ecumenical Temple.
  4549 | Temple   | Entered the Ecumenical Temple
  4675 | Temple   | Became a worshipper of Yredelemnul the Dark
  4675 | Temple   | Reached * piety under Yredelemnul
  4675 | Temple   | Reached ** piety under Yredelemnul
  4930 | D:5      | Entered Level 5 of the Dungeon
  5040 | D:5      | Reached skill level 8 in Unarmed Combat
  5044 | D:5      | Reached XP level 8. HP: 43/75 MP: 7/7
  5218 | D:5      | Noticed Pikel
  5467 | D:5      | HP: 2/75 [slave[Pikel] (6)]
  5467 | D:5      | Mangled by a slave

Skill      XL: |  1  2  3  4  5  6  7 |
---------------+----------------------+-----
Dodging        | 3 4 |  4.6
Fighting       | 3 |  3.5
Unarmed Combat | 4 5 6 8 |  8.2
Stealth        | |  1.0

Action                   |  1- 3 |  4- 6 |  7- 9 || total
-------------------------+-------+-------+-------++-------
Melee: Unarmed           |    98 |   162 |   116 ||   376
Invok: Animate Remains   |       |       |     1 ||     1
  Use: Potion            |       |       |     1 ||     1
 Stab: Sleeping          |     1 |     1 |       ||     2
  Eat: Chunk             |    17 |    16 |    13 ||    46
       Ration            |       |       |     2 ||     2
Armor: Robe              |    27 |    50 |    22 ||    99
Dodge: Dodged            |    56 |    82 |    72 ||   210
